← All builds
Beach sea / Cortex / Economy first / OBSERVED BUILD

Standard beach sea

Cortex Beach sea build order · Supreme Isthmus

The role's usual play: com goes to sea to build a shipyard around 2 minutes, pumping frigates and destroyers to contest enemy sea entry or hold vision, with an advanced metal extractor around 10 minutes as the transition into the team's…

Usually shipyard first (93%)

#naval #eco · 1591 distinct matches · 207 players · 84% of Cortex Beach sea games · team won 55% of 1795 · Recently observed

HOW TO PLAY IT

Key timing: Shipyard by 1:56

  1. Open 3 mex, then send com to sea to build Shipyard by 1:56.
  2. Add tidal generators, wind and more mex to fund the shipyard.
  3. Pump Riptide first, then Oppressor to contest enemy sea entry.
  4. Get T2 constructor out to start scaling the naval economy.
  5. Transition into Advanced Metal Extractor as the economy phase begins.

Phase by phase

TYPICAL OF ITS 1591 GAMES
  1. 1
  2. 2
  3. 3
PLAY THE OPENING

Follow the example game's first 6:00 step by step: what to build now, what comes next, and where it goes. At 1× it keeps pace with your own game.

  1. 1

    Up to the Shipyard

    Economy
    • Metal Extractor3Mex
    • Wind Turbine3Windfor allies
    • Wind Turbine2Wind
    • Energy Storage1Energy storage
    Order
    1. ShipyardShipyard after 3 mex, 2 wind, 1 energy storagedone ~1:56, middle half 1:43–2:07

    Some games also: Guard (30%)

    By 1:39 in all: 3 mex · 2 wind · 1 energy storage

    The example game in this phase · 7 steps
    1. Mex ×2
    2. Wind ×2for Pond
    3. Wind ×2
    4. Energy storage
    5. Mex
    6. Energy storage
    7. ShipyardShipyarddone 1:57 · typical 1:56
  2. 2

    Shipyard to 5:00

    Economy
    • Metal Extractor5Mex
    • Tidal Generator2Tidal
    Builders
    • Construction Ship2 Con ship
    Army
    • Riptide2 Frigate
    • Herring1 Missile corvette
    • Oppressor1 Destroyer
    Other
    • Naval Radar / Sonar Tower1 Naval Radar / Sonar Tower

    Some games also: Urchin (46%) · mex (38%) · wind (37%) · submarine (36%) · wind (36%)

    By 5:00 in all: 8 mex · 3 wind · 2 tidal · 1 energy storage

    The example game in this phase · 24 steps
    1. Tidal
    2. SupporterGunboat ×2
    3. Construction ShipCon ship ×2
    4. Tidal ×3
    5. Death CavalryDeath Cavalry
    6. Mex
    7. Wind
    8. Mex
    9. Wind ×5
    10. Mex
    11. RiptideFrigatedone 4:13 · typical 3:50
    12. Converter ×2
    13. UrchinUrchin
    14. Mex
    15. Naval Radar / Sonar TowerNaval Radar / Sonar Tower
    16. Converter ×2
    17. Radar TowerRadar Tower
    18. HerringMissile corvette
    19. Converter
    20. Naval Construction Turret
    21. Converter
    22. OppressorDestroyernot finished by 15:00 · typical 5:14
    23. RiptideFrigate
    24. Wind ×3
  3. 3

    5:00 to 10:00

    Economy
    • Metal Extractor1Mex
    • Wind Turbine8Wind
    Builders
    • Construction Ship1 Con ship
    • Death Cavalry1 Death Cavalry
    Army
    • Urchin1 Urchin
    • Riptide5 Frigate
    • Oppressor2 Destroyer
    • Herring2 Missile corvette
    Other
    • Naval Radar / Sonar Tower1 Naval Radar / Sonar Tower

    Some games also: Naval Construction Turret (49%) · Guard (47%) · tidal (39%) · Radar Tower (39%) · wind (34%)

    By 10:00 in all: 9 mex · 10 wind · 4 wind · 4 tidal · 1 energy storage · 1 Naval Construction Turret

    The example game in this phase · 75 steps
    1. Wind
    2. OppressorDestroyer
    3. Wind ×3
    4. UrchinUrchin
    5. Wind
    6. HerringMissile corvette
    7. Energy storage
    8. RiptideFrigate
    9. Wind ×3
    10. RiptideFrigate
    11. UrchinUrchin
    12. Converter
    13. RiptideFrigate
    14. Wind
    15. Converter ×2
    16. Death CavalryDeath Cavalry
    17. Wind
    18. Converter
    19. UrchinUrchin
    20. Wind
    21. OppressorDestroyer
    22. Wind ×5
    23. Tidal
    24. Wind
    25. Tidal
    26. Wind ×2
    27. Tidal
    28. OppressorDestroyer
    29. Wind
    30. Tidal ×2
    31. Wind
    32. Tidal
    33. RiptideFrigate ×2
    34. Con turret
    35. UrchinUrchin
    36. RiptideFrigate ×3
    37. OppressorDestroyer
    38. Wind ×2
    39. Mex
    40. Wind ×2
    41. Naval Radar / Sonar TowerNaval Radar / Sonar Tower
    42. Construction ShipCon ship
    43. Wind ×2
    44. RiptideFrigate ×2
    45. Naval Construction Turret
    46. Wind
    47. RiptideFrigate
    48. Wind ×2
    49. RiptideFrigate
    50. Wind
    51. RiptideFrigate
    52. Mex ×2
    53. Wind
    54. RiptideFrigate
    55. Wind
    56. Naval Radar / Sonar TowerNaval Radar / Sonar Tower
    57. Wind
    58. Naval Radar / Sonar TowerNaval Radar / Sonar Tower
    59. RiptideFrigate
    60. ShipyardShipyarddone 13:03
    61. Wind
    62. RiptideFrigate
    63. Wind ×2
    64. Construction ShipCon ship
    65. Con turret
    66. Construction ShipCon ship
    67. Naval Construction Turret ×3
    68. Advanced ShipyardAdvanced Shipyarddone 14:24
    69. Advanced Construction SubAdvanced Construction Sub
    70. PathfinderPathfinder ×2
    71. Naval Advanced Metal ExtractorNaval Advanced Metal Extractornot finished by 15:00
    72. Tidal
    73. Naval Radar / Sonar TowerNaval Radar / Sonar Tower
    74. PathfinderPathfinder
    75. Tidal

Counts are medians over the build's games: half of them build more, half fewer. The example game is optimusprime3000's (31 OS, 02/10/2026); pick another.

Team trades

IN AT LEAST 30% OF ITS GAMES

You hand over

  • Wind Turbine3 Wind to Airfirst at 1:46 · in 77% of games

You get

  • Finch1 Finch from Airfirst at 2:00 · in 80% of games
  • Lazarus1 Lazarus from Geofirst at 2:13 · in 63% of games
  • Hephaestus1 Heavy transport from Airfirst at 2:16 · in 64% of games
  • Construction Bot1 Con bot from Geofirst at 2:26 · in 70% of games
  • Hercules1 Light transport from Airfirst at 2:34 · in 32% of games
  • Advanced Construction Bot1 T2 con bot from Techfirst at 8:08 · in 89% of games

How it plays out

Typical game of this build, running totals by minute

Metal produced

010k20k30k
0:005:0010:0015:00

metal

Enemy metal destroyed

05k10k
0:005:0010:0015:00

metal

Own metal lost

02.5k5k7.5k
0:005:0010:0015:00

metal

1795 games.

Show as table
ByMetal produced: This buildEnemy metal destroyed: This buildOwn metal lost: This build
1:0040300
2:0093700
3:00155300
4:002540051
5:003717176101
6:005049487280
7:006492975592
8:00807016651001
9:00967926141532
10:001153637242325
11:001368547443105
12:001625058553871
13:001895168784629
14:002167379245680
15:002456588566501
WHAT THE NUMBERS SAY

Standard Beach sea play has the lowest team win rate of these builds and destroys far less enemy metal early than it loses eco time.

  • + Metal produced climbs to 24945 by 15:00, the highest of all six roles.
  • + Riptide and Oppressor together make 63% of army, a focused naval composition.
  • − Enemy metal destroyed is only 200 by 5:00, barely contesting early sea.
  • − T2 factory only reached in 35% of games, behind other roles' T2 timing.
THE EXAMPLE YOU ARE READING

optimusprime3000

31.4 OS · 02/10/2026

Open source match ↗

7 received units · includes a constructor
207 metal received · 152425 energy received

Allied construction assistance is unknown. Timings are observations, not a promise of solo reproducibility.

Typical milestones

Shipyard1:56Middle 50%: 1:43–2:07 · n=1792
Riptide3:50Middle 50%: 3:12–4:34 · n=1749
Oppressor5:14Middle 50%: 4:29–6:06 · n=1728
Advanced Metal Extractor9:58Middle 50%: 9:17–10:54 · n=1519

Played most by

EpicTyrannus120games of this buildDamsko69games of this buildKbot_my_Ahole67games of this buildWaboum64games of this buildfanboi63games of this build